[Event "December 19 Early 2023"]
[Site "https://www.chess.com"]
[Date "2023.12.19"]
[Round "4"]
[White "Brandao, Marcius Gomes"]
[Black "Spichkin, Alexander"]
[Result "0-1"]
[Board "199"]
[TimeControl "180+1"]
[WhiteFideId "2124980"]
[BlackFideId "4144074"]
[WhiteElo "2088"]
[BlackElo "1955"]
[WhiteTeam "BRA"]
[BlackTeam "RUS"]
[WhiteClock "0:00:01"]
[BlackClock "0:00:31"]

1. d4 e6 2. c4 f5 3. Nc3 Nf6 4. e3 Bb4 5. Bd2 b6 6. Bd3 Bb7 7. f3 O-O 8. Nge2 Nh5 9. O-O c5 10. Qc2 Qh4 11. Be1 Qg5 12. Bf2 Nc6 13. Kh1 Qh6 14. a3 Bxc3 15. Qxc3 f4 16. exf4 cxd4 17. Bxd4 Rac8 18. Be3 e5 19. Be4 exf4 20. Bd5+ Kh8 21. Bf2 Rce8 22. Rfe1 Ba6 23. Kg1 Ne5 24. b4 d6 25. b5 Bc8 26. Nd4 Qg6 27. Be4 Qg5 28. Nc6 Bh3 29. Kf1 Bxg2+ 30. Ke2 Nxf3 31. Kd3 Nxe1+ 32. Rxe1 Bxe4+ 33. Rxe4 Rxe4 34. Kxe4 Qf5+ 35. Kd4 Qc5+ 36. Kd3 Qxf2 37. Qd4 Qxd4+ 38. Kxd4 f3 0-1

[Event "December 19 Early 2023"]
[Site "https://www.chess.com"]
[Date "2023.12.19"]
[Round "4"]
[White "Sahin, Sarp"]
[Black "Dominguez Rincon, Miller Duvan"]
[Result "1-0"]
[Board "200"]
[TimeControl "180+1"]
[WhiteFideId "51605066"]
[BlackFideId "4406583"]
[WhiteElo "1775"]
[BlackElo "1960"]
[WhiteTeam "TUR"]
[BlackTeam "COL"]
[WhiteClock "0:00:12"]
[BlackClock "0:00:03"]

1. d4 d5 2. Bf4 Nf6 3. e3 c5 4. c3 Nc6 5. Nd2 e6 6. Ngf3 Bd6 7. Bg3 O-O 8. Bd3 Qe7 9. O-O e5 10. dxe5 Nxe5 11. Nxe5 Bxe5 12. Bxe5 Qxe5 13. Re1 Bf5 14. Nf3 Qe6 15. Ng5 Qe5 16. f4 Qd6 17. Bxf5 Rfe8 18. Nf3 Rad8 19. Ne5 Qb6 20. Qc2 g6 21. Bd3 c4 22. Bf1 Ne4 23. Rad1 f6 24. Nf3 Re7 25. Rd4 Red7 26. Red1 Qe6 27. Bxc4 dxc4 28. Rxd7 Rxd7 29. Rxd7 Qxd7 30. Qxe4 Qd1+ 31. Kf2 Kg7 32. Qxc4 Qc2+ 33. Qe2 Qe4 34. a3 a6 35. Qd2 Kh6 36. Nd4 b5 37. Qe2 Qb1 38. Kg3 Qe4 39. h4 Qd5 40. Qf3 Qd6 41. Qb7 Qc5 42. Qf7 a5 43. Qxf6 b4 44. Qg5+ Qxg5+ 45. hxg5+ Kh5 46. axb4 axb4 47. Ne6 h6 48. Ng7# 1-0

[Event "December 19 Early 2023"]
[Site "https://www.chess.com"]
[Date "2023.12.19"]
[Round "4"]
[White "Perez Cruz, Adianet"]
[Black "Burmakin, Evgeniy"]
[Result "0-1"]
[Board "202"]
[TimeControl "180+1"]
[WhiteFideId "3510115"]
[BlackFideId "4163729"]
[WhiteElo "2001"]
[BlackElo "2106"]
[WhiteTeam "CUB"]
[BlackTeam "RUS"]
[WhiteClock "0:00:26"]
[BlackClock "0:00:10"]

1. d4 Nf6 2. Bg5 c5 3. Bxf6 exf6 4. d5 Qb6 5. Qc1 d6 6. c4 f5 7. Nc3 Be7 8. e3 O-O 9. Nf3 Bf6 10. Bd3 g6 11. O-O Nd7 12. Qc2 Ne5 13. Nxe5 Bxe5 14. h3 Bd7 15. a4 Rae8 16. a5 Qd8 17. Rfe1 Qh4 18. f4 Bg7 19. Qf2 Qf6 20. Re2 Qd8 21. a6 Bxc3 22. bxc3 b6 23. e4 fxe4 24. Rxe4 Rxe4 25. Bxe4 Qf6 26. Qf3 Re8 27. Rf1 Bc8 28. g4 Bxa6 29. Qd3 Qe7 30. Bg2 Qe3+ 31. Qxe3 Rxe3 32. Ra1 Bxc4 33. Rxa7 Rxc3 34. Rd7 b5 35. Rxd6 Rd3 36. Rc6 Bxd5 37. Rxc5 Rd1+ 38. Kf2 Rd2+ 39. Ke3 Rxg2 40. Rxd5 b4 41. Rb5 b3 42. Kf3 Rh2 43. Kg3 Rb2 44. h4 Kg7 45. g5 h6 46. Rb7 h5 47. Rb5 Rb1 48. Kg2 b2 49. Rb6 Kf8 50. Rb7 Ke8 51. Kh2 Kd8 52. Kg2 Kc8 53. Rb3 Kc7 54. f5 Kd6 55. fxg6 fxg6 56. Rb6+ Ke5 57. Rb4 Kf5 58. Kh2 Ke5 59. Kg2 Kd5 60. Kh2 Kc5 61. Rb8 Kc4 62. Kg2 Kc3 63. Kh2 Rc1 64. Rc8+ Kd3 65. Rd8+ Ke4 66. Re8+ Kf4 0-1

[Event "December 19 Early 2023"]
[Site "https://www.chess.com"]
[Date "2023.12.19"]
[Round "4"]
[White "Olcayoz, Gizem"]
[Black "Jaque Gutierrez, Matias"]
[Result "0-1"]
[Board "203"]
[TimeControl "180+1"]
[WhiteFideId "6301444"]
[BlackFideId "3426980"]
[WhiteElo "1856"]
[BlackElo "2040"]
[WhiteTeam "TUR"]
[BlackTeam "CHI"]
[WhiteClock "0:00:09"]
[BlackClock "0:00:07"]

1. e4 c5 2. Nc3 e6 3. Nge2 a6 4. g3 b5 5. Bg2 Bb7 6. d4 cxd4 7. Nxd4 Nf6 8. O-O b4 9. Na4 Bxe4 10. Bxe4 Nxe4 11. Re1 d5 12. c4 bxc3 13. Nxc3 Nxc3 14. Qh5 g6 15. Qe5 Rg8 16. Nxe6 fxe6 17. Qxe6+ Qe7 18. bxc3 Qxe6 19. Rxe6+ Kf7 20. Re5 Bg7 21. Rxd5 Nc6 22. Rb1 Rgb8 23. Rd7+ Kg8 24. Rxb8+ Rxb8 25. Bf4 Rb2 26. Rc7 Ne5 27. Rxg7+ Kxg7 28. Bxe5+ Kf7 29. a4 Ra2 30. Kg2 Rxa4 31. f4 Ra2+ 32. Kh3 a5 33. Kg4 Rxh2 34. c4 a4 35. c5 a3 36. c6 Rc2 37. c7 a2 38. Kf3 Rxc7 39. Ke4 Rc1 40. Bb2 a1=Q 41. Bxa1 Rxa1 42. g4 Ke6 43. f5+ gxf5+ 44. gxf5+ Kf6 45. Kf4 Ra4+ 46. Kg3 Kxf5 47. Kf3 Ra3+ 0-1

[Event "December 19 Early 2023"]
[Site "https://www.chess.com"]
[Date "2023.12.19"]
[Round "4"]
[White "Ovezdurdyyeva, Jemal"]
[Black "Santos, Isaque Goncalves"]
[Result "0-1"]
[Board "204"]
[TimeControl "180+1"]
[WhiteFideId "14001888"]
[BlackFideId "2103885"]
[WhiteElo "2086"]
[BlackElo "1901"]
[WhiteTeam "TKM"]
[BlackTeam "BRA"]
[WhiteClock "0:00:34"]
[BlackClock "0:00:26"]

1. e4 e6 2. d4 d5 3. Nd2 Nf6 4. Ngf3 dxe4 5. Ng5 Qxd4 6. c3 Qe5 7. h4 h6 8. Nh3 Bc5 9. Nc4 Qh5 10. Qxh5 Nxh5 11. Be2 Nf6 12. Bf4 Nd5 13. O-O-O Nxf4 14. Nxf4 Bxf2 15. Rhf1 Bxh4 16. Nh5 Bg5+ 17. Kc2 O-O 18. Ne5 f5 19. Bc4 Kh7 20. g4 f4 21. Ng3 e3 22. Ne4 Nc6 23. Nxg5+ hxg5 24. Rh1+ Kg8 25. Ng6 Rf6 26. Bd3 Kf7 27. Nh8+ Kg8 28. Be4 Rh6 29. Ng6 Kf7 30. Nh8+ Kg8 31. Ng6 Kf7 32. Nh8+ Kf6 33. Ng6 Rxg6 34. Bxg6 Kxg6 35. Rh8 Ne7 36. Re8 Kf7 37. Rh8 b6 38. Rdd8 e5 39. Kd3 Ba6+ 40. Kc2 Rxd8 41. Rxd8 e2 42. Kd2 f3 43. Ke1 e4 44. Kf2 Ke6 45. Re8 e3+ 0-1

[Event "December 19 Early 2023"]
[Site "https://www.chess.com"]
[Date "2023.12.19"]
[Round "4"]
[White "Figorito, Nick"]
[Black "UnTucopalaTimba"]
[Result "1/2-1/2"]
[Board "205"]
[TimeControl "180+1"]
[WhiteFideId "30923689"]
[WhiteElo "2416"]
[BlackElo "1669"]
[WhiteTeam "USA"]
[WhiteClock "0:00:08"]
[BlackClock "0:00:44"]

1. Nf3 d5 2. g3 g6 3. Bg2 Bg7 4. d4 Nf6 5. O-O O-O 6. c4 c6 7. cxd5 cxd5 8. Nc3 Nc6 9. Bf4 a6 10. Ne5 Nd7 11. Nxd5 Ndxe5 12. dxe5 Bxe5 13. Bg5 Bxb2 14. Rb1 Bf6 15. Bh6 Re8 16. Nxf6+ exf6 17. e3 Qc7 18. Qc2 Bf5 19. Rxb7 Qxb7 20. Qxc6 Qxc6 21. Bxc6 Rac8 22. Bxe8 Rxe8 23. Bf4 Rc8 24. Kg2 Rc2 25. Ra1 Be6 26. a3 Bd5+ 27. Kf1 Bc4+ 28. Kg1 Ra2 29. Rxa2 Bxa2 30. Kf1 Kf8 31. Ke2 Ke7 32. Kd3 Ke6 33. Kd4 Bd5 34. e4 Bc6 35. h4 h5 36. Bc7 Bb5 37. Bd8 f5 38. e5 Bf1 39. Bf6 Bb5 40. Kc5 Be2 41. Kb6 Kd5 42. Kc7 Ke6 43. Kd8 Bb5 44. Kc7 Be2 45. Kb6 Kd7 46. Kc5 Ke6 47. Kd4 Bb5 48. Ke3 Kd5 49. Kf4 Be2 50. Bd8 Bb5 51. Bc7 Ke6 52. Kg5 Be2 53. Bd6 Bc4 54. Kf4 Bb5 55. f3 Be2 56. Ke3 Bb5 57. Kf4 Be2 58. Ke3 Bb5 59. f4 Kd5 60. Bb4 Kc4 61. Bd6 Kb3 62. Bb4 Kc4 63. Bd6 Kb3 64. Bb4 Kc4 1/2-1/2

[Event "December 19 Early 2023"]
[Site "https://www.chess.com"]
[Date "2023.12.19"]
[Round "4"]
[White "Masterisback04"]
[Black "Kim, Sergey"]
[Result "0-1"]
[Board "206"]
[TimeControl "180+1"]
[BlackFideId "13700570"]
[WhiteElo "1737"]
[BlackElo "2594"]
[BlackTeam "KAZ"]
[WhiteClock "0:00:06"]
[BlackClock "0:00:58"]

1. e4 e5 2. Nf3 Nc6 3. Bb5 a6 4. Ba4 Nf6 5. Qe2 b5 6. Bb3 Bc5 7. a4 Rb8 8. axb5 axb5 9. Nc3 b4 10. Nd5 d6 11. c3 bxc3 12. Ba4 cxd2+ 13. Bxd2 Bd7 14. Bc3 O-O 15. O-O Nxd5 16. exd5 Ne7 17. Bxd7 Qxd7 18. Rfd1 Ng6 19. Ng5 Qf5 20. Ne4 Nf4 21. Qf3 Bb6 22. Kf1 Qg6 23. g3 f5 24. gxf4 fxe4 25. Qg3 Rxf4 26. Qxg6 hxg6 27. Kg2 Rxf2+ 28. Kg3 Rbf8 29. Rg1 R2f3+ 30. Kg2 Bxg1 31. Kxg1 0-1

[Event "December 19 Early 2023"]
[Site "https://www.chess.com"]
[Date "2023.12.19"]
[Round "4"]
[White "Rogov, Matfey"]
[Black "Obon Temprano, Sergi"]
[Result "0-1"]
[Board "207"]
[TimeControl "180+1"]
[WhiteFideId "44191308"]
[BlackFideId "2226545"]
[WhiteElo "2057"]
[BlackElo "2135"]
[WhiteTeam "RUS"]
[BlackTeam "ESP"]
[WhiteClock "0:00:00"]
[BlackClock "0:00:18"]

1. e4 e5 2. Nf3 Nc6 3. c3 Nf6 4. d4 exd4 5. e5 Ne4 6. Qe2 f5 7. exf6 d5 8. cxd4 Bb4+ 9. Bd2 Bxd2+ 10. Nbxd2 O-O 11. Nxe4 dxe4 12. Qxe4 Re8 13. Bc4+ Kf8 14. fxg7+ Kxg7 15. Ne5 Qxd4 16. Qxd4 Nxd4 17. O-O-O c5 18. f4 a6 19. Rd3 b5 20. Rg3+ Kf6 21. Bf1 Bf5 22. Bd3 c4 23. Bxf5 Ne2+ 24. Kc2 Nxg3 25. hxg3 Kxf5 26. Rxh7 Rg8 27. Rf7+ Ke4 28. g4 Raf8 29. Rxf8 Rxf8 30. g3 Rh8 31. g5 Rh2+ 32. Kc3 Rh3 33. Kb4 Rxg3 34. Ka5 Kxf4 35. Nd7 Rg2 0-1

[Event "December 19 Early 2023"]
[Site "https://www.chess.com"]
[Date "2023.12.19"]
[Round "4"]
[White "Vincenti, Leonardo"]
[Black "Eilers, Stefan"]
[Result "0-1"]
[Board "208"]
[TimeControl "180+1"]
[WhiteFideId "28550820"]
[BlackFideId "4609565"]
[WhiteElo "2054"]
[BlackElo "2437"]
[WhiteTeam "ITA"]
[BlackTeam "GER"]
[WhiteClock "0:00:18"]
[BlackClock "0:00:19"]

1. e4 g6 2. d4 Bg7 3. Nc3 c6 4. Be3 d5 5. e5 f6 6. f4 Nh6 7. h3 Nf5 8. Bf2 fxe5 9. fxe5 O-O 10. g4 Nh6 11. Qd2 b5 12. O-O-O a5 13. Be3 Nf7 14. Kb1 Be6 15. Bd3 b4 16. Na4 Nd7 17. Ne2 Nfxe5 18. dxe5 Nxe5 19. Nd4 Bd7 20. Nc5 Nxd3 21. Qxd3 Qc8 22. Rhf1 e5 23. Rxf8+ Bxf8 24. Ne2 Qc7 25. Ng3 Re8 26. Nge4 Bg7 27. Nxd7 Qxd7 28. Nc5 Qe7 29. Nb3 a4 30. Na5 d4 31. Nxc6 Qe6 32. Nxd4 exd4 33. Bxd4 Rd8 34. c3 b3 35. a3 Bxd4 36. cxd4 Qd5 37. Qc3 Rd6 38. Ka1 Rc6 39. Qd3 Rc4 40. Qd2 Kg7 41. Qd3 h6 42. Kb1 Rc6 43. Qe3 Re6 44. Qd3 Kf7 45. Qc3 Ke7 46. Qc7+ Qd7 47. Qxd7+ Kxd7 48. d5 Re2 49. d6 Re3 50. Rh1 Kxd6 51. Kc1 Kc5 52. Kd2 Rg3 53. Rh2 h5 54. gxh5 gxh5 55. h4 Rf3 56. Ke2 Rg3 57. Kf2 Rg4 58. Ke2 Kd4 59. Rh3 Rg2+ 60. Kf1 Rxb2 61. Rf3 Ra2 62. Rf4+ Kc3 63. Rxa4 b2 64. Rb4 Ra1+ 65. Ke2 b1=Q 66. Rxb1 Rxb1 67. Kf3 Rd1 68. Kf4 Rd5 69. a4 Ra5 70. Ke4 Kb3 71. Kf4 Kxa4 72. Ke4 Kb4 73. Kf4 Rb5 74. Ke4 Kc4 75. Kf4 Rd5 76. Ke4 Rc5 77. Kf4 Kd4 78. Kf3 Re5 79. Kf4 Kd5 80. Kf3 Ke6 81. Kf4 Kf6 82. Kf3 Kf5 83. Kg3 Rb5 84. Kh3 Rb3+ 85. Kg2 Kg4 86. Kf1 Kxh4 87. Ke2 Kg4 88. Kd2 h4 89. Kc2 Rg3 90. Kd1 h3 91. Kc2 h2 92. Kd2 h1=Q 93. Ke2 Qh2+ 94. Ke1 Rg1# 0-1

[Event "December 19 Early 2023"]
[Site "https://www.chess.com"]
[Date "2023.12.19"]
[Round "4"]
[White "Skurikhin, Dmitrij"]
[Black "Wanyama, Harold"]
[Result "0-1"]
[Board "209"]
[TimeControl "180+1"]
[WhiteFideId "4161297"]
[BlackFideId "10000380"]
[WhiteElo "2197"]
[BlackElo "2228"]
[WhiteTeam "RUS"]
[BlackTeam "UGA"]
[WhiteClock "0:00:43"]
[BlackClock "0:01:06"]

1. d4 d5 2. c4 e6 3. Nf3 Nf6 4. Nc3 c6 5. e3 Nbd7 6. Qc2 Bd6 7. Bd3 dxc4 8. Bxc4 e5 9. O-O O-O 10. Rd1 Qe7 11. dxe5 Nxe5 12. Be2 Re8 13. b3 Bc7 14. Bb2 Neg4 15. Qd2 Ba5 16. a3 Nxf2 17. Kxf2 Bxc3 18. Qc2 Qxe3+ 19. Kf1 Bxb2 20. Qxb2 Bg4 21. Rd3 Qh6 22. Kg1 Ne4 23. Rad1 g6 24. b4 Qg7 25. Qxg7+ Kxg7 26. h3 Ng3 27. Bf1 Bf5 28. Rd6 Re7 29. Kf2 Ne4+ 30. Kg1 Nxd6 31. Rxd6 Rd7 32. Rxd7 Bxd7 33. Kf2 Be6 34. Ke3 Rd8 35. Bd3 Bd5 36. Ne5 Bxg2 37. h4 f5 38. Bc4 Kf6 39. Nf7 Rd7 40. Ng5 h6 41. Nf3 Bxf3 42. Kxf3 Rd4 43. Be2 Rxh4 44. a4 g5 45. b5 Rxa4 46. bxc6 bxc6 47. Bb5 cxb5 0-1

[Event "December 19 Early 2023"]
[Site "https://www.chess.com"]
[Date "2023.12.19"]
[Round "4"]
[White "Deveci, Huseyin Said"]
[Black "Rozhkov, Viacheslav"]
[Result "1-0"]
[Board "210"]
[TimeControl "180+1"]
[WhiteFideId "26322455"]
[BlackFideId "4181484"]
[WhiteElo "1954"]
[BlackElo "2237"]
[WhiteTeam "TUR"]
[BlackTeam "RUS"]
[WhiteClock "0:02:02"]
[BlackClock "0:01:17"]

1. e4 e6 2. d4 d5 3. Nd2 Be7 4. c3 Nf6 5. e5 Nfd7 6. f4 c5 7. Ndf3 Nc6 8. g3 Qb6 9. Kf2 f6 10. Kg2 fxe5 11. fxe5 O-O 12. Bd3 Kh8 13. Bc2 cxd4 14. cxd4 Nb4 15. Bb1 Nb8 16. a4 N8c6 17. Bd2 Bd7 18. Bc3 Be8 19. Ne2 Bh5 20. Nf4 Bg4 21. h3 Bf5 22. Bxf5 Rxf5 23. Nxe6 Nxe5 24. dxe5 Qxe6 25. Nd4 Qxe5 26. Nxf5 Qxf5 27. Rf1 Qg6 28. Qg4 Qh6 29. Rf7 Bd6 30. Bxg7+ 1-0

[Event "December 19 Early 2023"]
[Site "https://www.chess.com"]
[Date "2023.12.19"]
[Round "4"]
[White "Larina, Maria"]
[Black "Elissalt Cardenas, Hector"]
[Result "0-1"]
[Board "211"]
[TimeControl "180+1"]
[WhiteFideId "24113182"]
[BlackFideId "3500632"]
[WhiteElo "1848"]
[BlackElo "2202"]
[WhiteTeam "FID"]
[BlackTeam "ESP"]
[WhiteClock "0:00:06"]
[BlackClock "0:01:52"]

1. e4 d6 2. Nc3 Nf6 3. f4 e5 4. d3 Nbd7 5. Nf3 Be7 6. g3 O-O 7. Bg2 c6 8. a4 exf4 9. Bxf4 d5 10. O-O dxe4 11. dxe4 Qb6+ 12. Kh1 Ng4 13. Qe2 Qxb2 14. Qd2 Bb4 15. Rab1 Qxc3 16. Rxb4 Qxd2 17. Bxd2 Nge5 18. Nd4 a5 19. Rbb1 Nc5 20. Bf4 Re8 21. Ra1 Bd7 22. Nb3 Nxb3 23. cxb3 f6 24. Rfd1 Be6 25. Rab1 Red8 26. Bxe5 fxe5 27. Bf3 Rxd1+ 28. Bxd1 Rd8 29. Bc2 Rd4 30. Kg2 Rd2+ 31. Kf3 Rxc2 0-1

[Event "December 19 Early 2023"]
[Site "https://www.chess.com"]
[Date "2023.12.19"]
[Round "4"]
[White "Zhuk, Valeriy"]
[Black "Silvestre, Christian"]
[Result "0-1"]
[Board "212"]
[TimeControl "180+1"]
[WhiteFideId "24151254"]
[BlackFideId "30956269"]
[WhiteElo "2148"]
[BlackElo "2238"]
[WhiteTeam "RUS"]
[BlackTeam "USA"]
[WhiteClock "0:00:00"]
[BlackClock "0:00:38"]

1. Nf3 c5 2. e4 Nc6 3. d4 cxd4 4. Nxd4 g6 5. Nc3 Bg7 6. Nb3 Nf6 7. Be2 O-O 8. O-O e6 9. Bg5 h6 10. Bh4 g5 11. Bg3 d5 12. exd5 Nxd5 13. Nxd5 exd5 14. c3 f5 15. f4 d4 16. Bc4+ Kh8 17. fxg5 Qxg5 18. Bf4 Qg4 19. cxd4 Bd7 20. d5 Ne5 21. Be2 Qg6 22. Kh1 Ng4 23. h3 Nf6 24. Nc5 Rad8 25. Bf3 Ne4 26. Nxe4 fxe4 27. Bh5 Qb6 28. d6 Bc6 29. Qd2 Qxb2 30. Qe3 Qd4 31. Qg3 e3 32. Bg6 e2 0-1

[Event "December 19 Early 2023"]
[Site "https://www.chess.com"]
[Date "2023.12.19"]
[Round "4"]
[White "Hobson, Kenneth"]
[Black "Kolmagorov, Alexey"]
[Result "0-1"]
[Board "213"]
[TimeControl "180+1"]
[WhiteFideId "480819"]
[BlackFideId "34129402"]
[WhiteElo "1953"]
[BlackElo "1989"]
[WhiteTeam "ENG"]
[BlackTeam "RUS"]
[WhiteClock "0:00:37"]
[BlackClock "0:01:41"]

1. d4 Nf6 2. Nf3 d5 3. c4 e6 4. Nc3 a6 5. Bg5 dxc4 6. a4 Nc6 7. e4 Na5 8. e5 h6 9. Bh4 g5 10. exf6 gxh4 11. Ne4 Bb4+ 12. Nfd2 Qxd4 13. Qe2 Nb3 14. Rd1 b5 15. g3 Bb7 16. Bg2 Nxd2 17. Nxd2 Bxg2 18. Rg1 h3 19. f4 Qxg1+ 20. Qf1 Qxf1# 0-1

[Event "December 19 Early 2023"]
[Site "https://www.chess.com"]
[Date "2023.12.19"]
[Round "4"]
[White "Quilter, Thomas A"]
[Black "Joel Paul Ganta"]
[Result "0-1"]
[Board "214"]
[TimeControl "180+1"]
[WhiteFideId "408530"]
[BlackFideId "35066145"]
[WhiteElo "1962"]
[BlackElo "1891"]
[WhiteTeam "ENG"]
[BlackTeam "IND"]
[WhiteClock "0:01:27"]
[BlackClock "0:01:23"]

1. Nf3 d5 2. e3 Nf6 3. c4 c6 4. b3 Bg4 5. Be2 Nbd7 6. Bb2 e6 7. O-O Be7 8. d4 O-O 9. h3 Bh5 10. Nbd2 a5 11. Ne5 Bxe2 12. Qxe2 a4 13. c5 Nxe5 14. dxe5 Nd7 15. b4 b6 16. Ba3 bxc5 17. bxc5 Nxe5 18. Nf3 Nc4 19. Bb4 a3 20. Rfd1 Ra4 21. Qe1 Qb8 22. Nd4 Qxb4 23. Nxc6 Qxe1+ 24. Rxe1 Bxc5 0-1

[Event "December 19 Early 2023"]
[Site "https://www.chess.com"]
[Date "2023.12.19"]
[Round "4"]
[White "Kornyukov, Alexey"]
[Black "Cramling Bellon, Anna"]
[Result "0-1"]
[Board "215"]
[TimeControl "180+1"]
[WhiteFideId "4150457"]
[BlackFideId "32009232"]
[WhiteElo "2352"]
[BlackElo "1976"]
[WhiteTeam "RUS"]
[BlackTeam "SWE"]
[WhiteClock "0:00:02"]
[BlackClock "0:00:03"]

1. e4 c5 2. Nf3 e6 3. c3 Nf6 4. e5 Nd5 5. d4 cxd4 6. cxd4 Nc6 7. Nc3 Nxc3 8. bxc3 d6 9. exd6 Bxd6 10. Bd3 Qa5 11. Bd2 Qh5 12. O-O Bd7 13. Rb1 b6 14. Re1 Na5 15. Be4 Rc8 16. d5 O-O 17. dxe6 Bxe6 18. h3 Rfd8 19. Ng5 Qxd1 20. Rbxd1 Bxa2 21. Bxh7+ Kh8 22. Bf5 Rc5 23. Bg4 Bb3 24. Rb1 Kg8 25. Ne4 Rd5 26. Be3 Bc2 27. Bg5 Bxb1 28. Bxd8 Bxe4 29. Rxe4 f5 30. Re8+ Kf7 31. Bh5+ g6 32. Bxg6+ Kxg6 33. Re6+ Kf7 34. Rf6+ Ke8 35. Rh6 Rd1# 0-1

[Event "December 19 Early 2023"]
[Site "https://www.chess.com"]
[Date "2023.12.19"]
[Round "4"]
[White "Shapiro, Daniel"]
[Black "Mende, Andreas"]
[Result "0-1"]
[Board "216"]
[TimeControl "180+1"]
[WhiteFideId "2001780"]
[BlackFideId "4631102"]
[WhiteElo "2318"]
[BlackElo "2070"]
[WhiteTeam "USA"]
[BlackTeam "GER"]
[WhiteClock "0:00:00"]
[BlackClock "0:00:16"]

1. d4 Nf6 2. c4 g6 3. Nc3 d5 4. Nf3 Bg7 5. Qb3 dxc4 6. Qxc4 O-O 7. e4 a6 8. Qa4 c5 9. dxc5 Nbd7 10. Qa3 Qc7 11. Be3 e6 12. h3 Rb8 13. Be2 b5 14. cxb6 Nxb6 15. Qa5 Nfd7 16. Rc1 Qb7 17. Nd2 Ne5 18. O-O Nc6 19. Qg5 Nd4 20. Bd1 Bd7 21. Qh4 Bc6 22. Bh6 Rfd8 23. Bxg7 Kxg7 24. Nb3 Nxb3 25. Bxb3 Rd4 26. Rfe1 Rbd8 27. f3 a5 28. Qf2 a4 29. Bc2 Nc4 30. b3 Rd2 31. Re2 Rxe2 32. Qxe2 Na3 33. Bd3 axb3 34. axb3 Qxb3 35. Qc2 Nxc2 36. Bxc2 Qxc3 37. Kh2 Qd2 38. Rf1 Qxc2 0-1

[Event "December 19 Early 2023"]
[Site "https://www.chess.com"]
[Date "2023.12.19"]
[Round "4"]
[White "Nan M K Khine Hlyan"]
[Black "Petrova, Irina"]
[Result "0-1"]
[Board "217"]
[TimeControl "180+1"]
[WhiteFideId "13002899"]
[BlackFideId "14124122"]
[WhiteElo "1943"]
[BlackElo "2085"]
[WhiteTeam "MYA"]
[BlackTeam "UKR"]
[WhiteClock "0:00:47"]
[BlackClock "0:01:35"]

1. e4 d6 2. d4 Nf6 3. Nc3 e5 4. dxe5 dxe5 5. Qxd8+ Kxd8 6. Nf3 Bd6 7. Bg5 Be6 8. O-O-O Nd7 9. Nb5 Ke7 10. Nxd6 cxd6 11. b3 h6 12. Bxf6+ Nxf6 13. Nd2 Rhc8 14. f3 d5 15. exd5 Nxd5 16. Kb2 a6 17. Nc4 f6 18. Rxd5 Bxd5 19. Nb6 Be6 20. Nxa8 Rxa8 21. Bd3 Rd8 22. Re1 Kf7 23. Be4 b6 24. Bd3 a5 25. Re4 Bf5 26. Re3 Bxd3 27. Rxd3 Rxd3 28. cxd3 Ke6 29. Kc3 Kd5 30. a4 Kc5 31. g3 f5 32. h4 g5 33. hxg5 hxg5 34. b4+ axb4+ 35. Kb3 Kd4 36. Kxb4 Kxd3 37. Kb5 e4 38. fxe4 fxe4 39. Kxb6 e3 40. a5 e2 41. a6 e1=Q 42. a7 Qe4 0-1

[Event "December 19 Early 2023"]
[Site "https://www.chess.com"]
[Date "2023.12.19"]
[Round "4"]
[White "Gulamirian, Korun"]
[Black "Caruana, Fabiano"]
[Result "0-1"]
[Board "218"]
[TimeControl "180+1"]
[WhiteFideId "4144899"]
[BlackFideId "2020009"]
[WhiteElo "1621"]
[BlackElo "2815"]
[WhiteTeam "RUS"]
[BlackTeam "USA"]
[WhiteClock "0:00:00"]
[BlackClock "0:02:32"]

1. e4 h6 2. d4 d6 3. c4 Nf6 4. Nc3 e5 5. dxe5 dxe5 6. Qxd8+ Kxd8 7. Nf3 Nc6 8. Be2 Bb4 9. O-O Bxc3 10. bxc3 Nxe4 11. Rd1+ Ke8 12. Bb2 Be6 13. c5 Nxc5 14. c4 f6 15. Ba3 Na4 16. Rac1 Nb6 17. Nd2 Kf7 18. Nb3 Rad8 19. h3 Rxd1+ 20. Rxd1 Rd8 21. Rxd8 Nxd8 22. Nc5 Bxc4 23. Bh5+ g6 24. Bf3 Bd5 25. Bxd5+ Nxd5 26. f3 b6 27. Nd3 c5 28. Nb2 Nc6 29. Nc4 Ke6 30. Kf2 b5 31. Nd2 c4 32. Ke2 Nd4+ 33. Kd1 Nc3+ 34. Kc1 Nxa2+ 35. Kb2 c3+ 0-1

[Event "December 19 Early 2023"]
[Site "https://www.chess.com"]
[Date "2023.12.19"]
[Round "4"]
[White "Semenova, Alina"]
[Black "Boor, Carl"]
[Result "0-1"]
[Board "219"]
[TimeControl "180+1"]
[WhiteFideId "24113875"]
[BlackFideId "2017008"]
[WhiteElo "1827"]
[BlackElo "2330"]
[WhiteTeam "RUS"]
[BlackTeam "USA"]
[WhiteClock "0:00:00"]
[BlackClock "0:01:05"]

1. e4 e5 2. Nf3 Nf6 3. Nxe5 Nxe4 4. Qe2 Qe7 5. Qxe4 d6 6. d4 Nc6 7. Bb5 Bd7 8. O-O O-O-O 9. Bxc6 bxc6 10. Qd3 dxe5 11. Qa6+ Kb8 12. Be3 Bc8 13. Qa4 exd4 14. Bxd4 c5 15. Be3 Bb7 16. Nc3 Qf6 17. Rad1 Be7 18. Ne4 Qg6 19. Ng3 h5 20. f3 f5 21. Qa3 h4 22. Ne2 Qc6 23. b4 h3 24. g3 Rxd1 25. Rxd1 Qxf3 0-1

[Event "December 19 Early 2023"]
[Site "https://www.chess.com"]
[Date "2023.12.19"]
[Round "4"]
[White "Clawitter, Craig"]
[Black "Tikhonov, Viacheslav"]
[Result "1-0"]
[Board "220"]
[TimeControl "180+1"]
[WhiteFideId "2023105"]
[BlackFideId "44196407"]
[WhiteElo "2234"]
[BlackElo "2209"]
[WhiteTeam "USA"]
[BlackTeam "RUS"]
[WhiteClock "0:00:21"]
[BlackClock "0:00:05"]

1. e4 c5 2. Nf3 g6 3. d4 cxd4 4. Nxd4 Nc6 5. Nc3 Bg7 6. Be3 Nf6 7. Bc4 Qa5 8. O-O O-O 9. Bb3 d6 10. h3 Bd7 11. Re1 Nxd4 12. Bxd4 Bc6 13. Nd5 Qd8 14. Nxf6+ exf6 15. Bc3 Qe7 16. Qd4 b6 17. Rad1 Rfd8 18. Bb4 f5 19. Bxd6 Qg5 20. Qc4 Bxe4 21. Qxf7+ Kh8 22. Bg3 Qf6 23. c3 Qxf7 24. Bxf7 Bf6 25. f3 Bc2 26. Rxd8+ Rxd8 27. Re8+ Rxe8 28. Bxe8 Bb1 29. Bf7 Kg7 30. Bb3 g5 31. Bf2 f4 32. Kf1 Kg6 33. Ke2 Kf5 34. Kd2 h5 35. Bc2+ Bxc2 36. Kxc2 Ke6 37. Kd3 Kd5 38. Bd4 Be7 39. c4+ Ke6 40. Ke4 Bd8 41. b4 Be7 42. c5 bxc5 43. Bxc5 Bf6 44. Bxa7 Bc3 45. Bc5 h4 46. a4 Bb2 47. a5 Kd7 48. Kd5 Kc7 49. b5 Kb7 50. a6+ Ka8 51. b6 g4 52. b7+ Kb8 53. Bd6+ Ka7 54. b8=Q+ Kxa6 55. Bc5 gxh3 56. Qb6# 1-0

[Event "December 19 Early 2023"]
[Site "https://www.chess.com"]
[Date "2023.12.19"]
[Round "4"]
[White "De Souza, Cristiano Gomes"]
[Black "Reprintsev, Alexander"]
[Result "0-1"]
[Board "221"]
[TimeControl "180+1"]
[WhiteFideId "2151758"]
[BlackFideId "14100541"]
[WhiteElo "2068"]
[BlackElo "2229"]
[WhiteTeam "BRA"]
[BlackTeam "UKR"]
[WhiteClock "0:00:21"]
[BlackClock "0:00:53"]

1. d4 d5 2. c4 e5 3. dxe5 d4 4. Nf3 Nc6 5. a3 g6 6. b4 Bg7 7. Bb2 Nxe5 8. Nbd2 c5 9. bxc5 Nxf3+ 10. Nxf3 Qa5+ 11. Qd2 Qxc5 12. Bxd4 Bxd4 13. Qxd4 Qxd4 14. Nxd4 Ne7 15. e3 Bd7 16. Nb5 O-O 17. Be2 a6 18. Nc7 Rac8 19. Nd5 Nc6 20. O-O Be6 21. Rfc1 Rfd8 22. Nf6+ Kg7 23. Ne4 Na5 24. Rab1 Bf5 25. Bf3 Rxc4 26. Rxc4 Nxc4 27. h3 Bxe4 28. Bxe4 b5 29. Ra1 Rd2 30. a4 b4 31. Bb7 a5 32. Ba6 Nb2 33. Bb5 Rd1+ 34. Rxd1 Nxd1 35. Bc4 Nc3 36. Bb3 Ne2+ 37. Kf1 Nc1 38. Bc4 b3 39. Bd5 f5 0-1